| TOP OF THE 1ST |
|
Colorado Avalanche batting - Pitching for Kelowna Heat : RHP Sergio Silva
|
|
Pitching: RHP Sergio Silva
|
|
|
Batting: RHB Eric Delgado
|
0-0: Ball 1-0: Foul Ball, location: 2F 1-1: Foul Ball, location: 2F 1-2: Foul Ball, location: 2F 1-2: Foul Ball, location: 2F 1-2: Ball 2-2: Ball 3-2: SINGLE (Line Drive, 89S, EV 96.9 MPH)
|
|
Batting: RHB Chris Tatum
|
0-0: Swinging Strike 0-1: Foul Ball, location: 2F 0-2: Strikes out looking
|
|
Batting: RHB Bryce Hickman
|
0-0: Called Strike 0-1: Ball Eric Delgado steals 2nd base 1-1: Called Strike 1-2: Fly out, F9 (Line Drive, 89D, EV 93.1 MPH)
|
|
Batting: RHB Keith Giarratano
|
0-0: Ball 1-0: Ball 2-0: Foul Ball, location: 2F 2-1: Swinging Strike 2-2: Foul Ball, location: 2F 2-2: Strikes out looking
|
| Top of the 1st over - 0 runs, 1 hit, 0 errors, 1 left on base; Colorado 0 - Kelowna 0 |
| BOTTOM OF THE 1ST |
|
Kelowna Heat batting - Pitching for Colorado Avalanche : RHP Diego Arredondo
|
|
Pitching: RHP Diego Arredondo
|
|
|
Batting: RHB Tsugio Yamaguchi
|
0-0: Called Strike 0-1: Ball 1-1: Swinging Strike 1-2: Foul Ball, location: 2F 1-2: Ball 2-2: Ball 3-2: Base on Balls
|
|
Batting: LHB Adrian Navarro
|
0-0: Ball 1-0: Called Strike 1-1: Ball 2-1: Foul Ball, location: 2F 2-2: Ball 3-2: Foul Ball, location: 2F 3-2: Foul Ball, location: 2F 3-2: Strikes out swinging
|
|
Batting: LHB Oscar Tamayo
|
0-0: Called Strike Tsugio Yamaguchi steals 2nd base 0-1: Called Strike 0-2: Ball 1-2: Ball 2-2: Foul Ball, location: 2F 2-2: Foul Ball, location: 2F 2-2: Ball 3-2: Base on Balls
|
|
Batting: RHB Armando Ramirez
|
0-0: Foul Ball, location: 2F 0-1: Called Strike 0-2: Ball 1-2: Strikes out looking
|
|
Batting: RHB Mike Storey
|
0-0: Called Strike 0-1: Swinging Strike 0-2: Strikes out swinging
|
| Bottom of the 1st over - 0 runs, 0 hits, 0 errors, 2 left on base; Colorado 0 - Kelowna 0 |
| TOP OF THE 2ND |
|
Colorado Avalanche batting - Pitching for Kelowna Heat : RHP Sergio Silva
|
|
Batting: LHB Javy Rueda
|
0-0: Called Strike 0-1: Foul Ball, location: 2F 0-2: Ball 1-2: Strikes out looking
|
|
Batting: RHB Alex Valadez
|
0-0: Ball 1-0: SINGLE (Groundball, 5S, EV 71.9 MPH) (infield hit)
|
|
Batting: RHB Luis Mendoza
|
0-0: Swinging Strike 0-1: Foul Ball, location: 2F 0-2: Strikes out looking
|
|
Batting: RHB Mike Chiquete
|
0-0: SINGLE (Flyball, 56D, EV 91.2 MPH) Alex Valadez to second
|
|
Batting: RHB Jack Stadner
|
0-0: Called Strike 0-1: Fly out, F3 (Popup, 3F, EV 58.1 MPH)
|
| Top of the 2nd over - 0 runs, 2 hits, 0 errors, 2 left on base; Colorado 0 - Kelowna 0 |
| BOTTOM OF THE 2ND |
|
Kelowna Heat batting - Pitching for Colorado Avalanche : RHP Diego Arredondo
|
|
Batting: LHB Dennis Jones
|
0-0: Foul Ball, location: 2F 0-1: Ball 1-1: Ball 2-1: Foul Ball, location: 2F 2-2: Strikes out looking
|
|
Batting: RHB Matt Wallace
|
0-0: Ball 1-0: SINGLE (Line Drive, 6MD, EV 94.4 MPH)
|
|
Batting: RHB Adrian Franz
|
0-0: Foul Ball, location: 2F 0-1: Ball 1-1: Foul Ball, location: 2F 1-2: TRIPLE (Flyball, 89XD, EV 100.6 MPH) Matt Wallace scores
|
|
Batting: RHB Sean Gilbert
|
0-0: Ball 1-0: Foul Ball, location: 2F 1-1: Fly out, F7 (Line Drive, 78M, EV 100.0 MPH) Runner from 3rd tags up, SCORES, throw by LF
|
|
Batting: RHB Tsugio Yamaguchi
|
0-0: Ball 1-0: Ball 2-0: Called Strike 2-1: Ball 3-1: Swinging Strike 3-2: Base on Balls
|
|
Batting: LHB Adrian Navarro
|
0-0: Foul Ball, location: 2F 0-1: Ball 1-1: Swinging Strike 1-2: Strikes out looking
|
| Bottom of the 2nd over - 2 runs, 2 hits, 0 errors, 1 left on base; Colorado 0 - Kelowna 2 |
| TOP OF THE 3RD |
|
Colorado Avalanche batting - Pitching for Kelowna Heat : RHP Sergio Silva
|
|
Batting: RHB Eric Delgado
|
0-0: Called Strike 0-1: Called Strike 0-2: Ball 1-2: Foul Ball, location: 2F 1-2: Ball 2-2: Strikes out swinging
|
|
Batting: RHB Chris Tatum
|
0-0: Called Strike 0-1: Ball 1-1: Ball 2-1: Foul Ball, location: 2F 2-2: Foul Ball, location: 2F 2-2: Foul Ball, location: 2F 2-2: Strikes out swinging
|
|
Batting: RHB Bryce Hickman
|
0-0: Ball 1-0: Ball 2-0: Foul Ball, location: 2F 2-1: Called Strike 2-2: Fly out, F3 (Popup, 3S, EV 68.8 MPH)
|
| Top of the 3rd over - 0 runs, 0 hits, 0 errors, 0 left on base; Colorado 0 - Kelowna 2 |
| BOTTOM OF THE 3RD |
|
Kelowna Heat batting - Pitching for Colorado Avalanche : RHP Diego Arredondo
|
|
Batting: LHB Oscar Tamayo
|
0-0: Ball 1-0: Swinging Strike 1-1: Called Strike 1-2: Ball 2-2: Ball 3-2: Base on Balls
|
|
Batting: RHB Armando Ramirez
|
0-0: Called Strike 0-1: Foul Ball, location: 2F 0-2: Strikes out looking
|
|
Pitching: RHP Rade Mamula
|
|
|
Batting: RHB Mike Storey
|
0-0: Called Strike 0-1: Ball Oscar Tamayo steals 2nd base 1-1: Foul Ball, location: 2F 1-2: Ball 2-2: Ground out 6-3 (Groundball, 6, EV 89.4 MPH)
|
|
Batting: LHB Dennis Jones
|
0-0: Ball 1-0: Foul Ball, location: 2F 1-1: SINGLE (Groundball, 4MD, EV 97.5 MPH) Oscar Tamayo to third Runner from 3rd tries for Home, SAFE, throw by CF to home Dennis Jones to second
|
|
Batting: RHB Matt Wallace
|
0-0: Ball 1-0: Ball 2-0: SINGLE (Groundball, 56S, EV 66.9 MPH) (infield hit) Dennis Jones to third
|
|
Batting: RHB Adrian Franz
|
0-0: Ball 1-0: Called Strike 1-1: Ball Wild Pitch! Dennis Jones scores Matt Wallace to second 2-1: Foul Ball, location: 2F 2-2: Ball 3-2: Base on Balls
|
|
Batting: RHB Sean Gilbert
|
0-0: Ball 1-0: Called Strike 1-1: Called Strike 1-2: Ball 2-2: Foul Ball, location: 2F 2-2: Ball Wild Pitch! Matt Wallace to third Adrian Franz to second 3-2: Base on Balls
|
|
Batting: RHB Tsugio Yamaguchi
|
0-0: Called Strike 0-1: Foul Ball, location: 2F 0-2: SINGLE (Line Drive, 6MD, EV 94.4 MPH) Matt Wallace scores Adrian Franz to third Sean Gilbert to second Runner from 3rd tries for Home, SAFE, throw by CF to home
|
|
Batting: LHB Adrian Navarro
|
0-0: Ball Balk! Sean Gilbert to third Tsugio Yamaguchi to second 1-0: Ball 2-0: Ball 3-0: Base on Balls
|
|
Batting: LHB Oscar Tamayo
|
0-0: Ball 1-0: Foul Ball, location: 2F 1-1: Foul Ball, location: 2F 1-2: Ball 2-2: DOUBLE (Flyball, 89XD, EV 94.4 MPH) Sean Gilbert scores Tsugio Yamaguchi scores Adrian Navarro to third Runner from 3rd tries for Home, SAFE, no throw by CF
|
|
Batting: RHB Armando Ramirez
|
0-0: Called Strike Balk! Oscar Tamayo to third 0-1: Ball 1-1: Hit by Pitch
|
|
Batting: RHB Mike Storey
|
0-0: Called Strike 0-1: Ball 1-1: Ball 2-1: Ball Armando Ramirez steals 2nd base 3-1: Foul Ball, location: 2F 3-2: Base on Balls
|
|
Batting: LHB Dennis Jones
|
0-0: Foul Ball, location: 2F 0-1: SINGLE (Groundball, 4MD, EV 96.9 MPH) Oscar Tamayo scores Armando Ramirez to third Mike Storey to second Runner from 3rd tries for Home, SAFE, throw by CF to home
|
|
Pitching: LHP Brian Canny
|
|
|
Batting: RHB Matt Wallace
|
0-0: Called Strike 0-1: SINGLE (Line Drive, 7S, EV 105.6 MPH) Mike Storey to third Dennis Jones to second Runner from 3rd tries for Home, SAFE, throw by LF to home
|
|
Batting: RHB Adrian Franz
|
0-0: Ball 1-0: Ball 2-0: Called Strike 2-1: Foul Ball, location: 2F 2-2: Foul Ball, location: 2F 2-2: Ball 3-2: Foul Ball, location: 2F 3-2: Ground out 4-3 (Groundball, 4M, EV 86.2 MPH)
|
| Bottom of the 3rd over - 10 runs, 6 hits, 0 errors, 2 left on base; Colorado 0 - Kelowna 12 |
| TOP OF THE 4TH |
|
Colorado Avalanche batting - Pitching for Kelowna Heat : RHP Sergio Silva
|
|
Batting: RHB Keith Giarratano
|
0-0: Foul Ball, location: 2F 0-1: Foul Ball, location: 2F 0-2: Fly out, F8 (Flyball, 8LXD, EV 95.6 MPH)
|
|
Batting: LHB Javy Rueda
|
0-0: Ball 1-0: Ground out 5-3 (Groundball, 56, EV 84.4 MPH)
|
|
Batting: RHB Alex Valadez
|
0-0: Foul Ball, location: 2F 0-1: Ground out 5-3 (Groundball, 56S, EV 81.2 MPH)
|
| Top of the 4th over - 0 runs, 0 hits, 0 errors, 0 left on base; Colorado 0 - Kelowna 12 |
| BOTTOM OF THE 4TH |
|
Kelowna Heat batting - Pitching for Colorado Avalanche : LHP Brian Canny
|
|
Batting: RHB Sean Gilbert
|
0-0: Ball 1-0: Ball 2-0: Foul Ball, location: 2F 2-1: Ball 3-1: Ground out 5-3 (Groundball, 5, EV 90.0 MPH)
|
|
Batting: RHB Tsugio Yamaguchi
|
0-0: Ball 1-0: DOUBLE (Line Drive, 9LS, EV 100.6 MPH)
|
|
Batting: LHB Adrian Navarro
|
0-0: Foul Ball, location: 2F 0-1: SINGLE (Groundball, 6MS, EV 65.0 MPH) (infield hit) Tsugio Yamaguchi to third
|
|
Pitching: RHP Joan Coucieiro
|
|
|
Batting: LHB Oscar Tamayo
|
0-0: Fly out, F8 (Flyball, 8RXD, EV 90.0 MPH) Runner from 3rd tags up, SCORES, no throw by CF
|
|
Batting: RHB Armando Ramirez
|
0-0: Called Strike 0-1: Ball 1-1: Ball 2-1: Ball 3-1: Called Strike 3-2: Strikes out swinging
|
| Bottom of the 4th over - 1 run, 2 hits, 0 errors, 1 left on base; Colorado 0 - Kelowna 13 |
| TOP OF THE 5TH |
|
Colorado Avalanche batting - Pitching for Kelowna Heat : RHP Sergio Silva
|
|
Batting: RHB Luis Mendoza
|
0-0: Ball 1-0: Foul Ball, location: 2F 1-1: Foul Ball, location: 2F 1-2: Strikes out swinging
|
|
Batting: RHB Mike Chiquete
|
0-0: Ball 1-0: Ball 2-0: Foul Ball, location: 2F 2-1: Called Strike 2-2: Foul Ball, location: 2F 2-2: Ball 3-2: Strikes out swinging
|
|
Batting: RHB Jack Stadner
|
0-0: Swinging Strike 0-1: Ball 1-1: Called Strike 1-2: Ball 2-2: Strikes out swinging
|
| Top of the 5th over - 0 runs, 0 hits, 0 errors, 0 left on base; Colorado 0 - Kelowna 13 |
| BOTTOM OF THE 5TH |
|
Kelowna Heat batting - Pitching for Colorado Avalanche : RHP Joan Coucieiro
|
|
Batting: RHB Mike Storey
|
0-0: Ball 1-0: Ball 2-0: Ball 3-0: Called Strike 3-1: Base on Balls
|
|
Batting: LHB Dennis Jones
|
0-0: Ball 1-0: Foul Ball, location: 2F 1-1: Foul Ball, location: 2F 1-2: Ball 2-2: Ball Wild Pitch! Mike Storey to second 3-2: Foul Ball, location: 2F 3-2: Foul Ball, location: 2F 3-2: Fly out, F8 (Flyball, 8RXD, EV 100.6 MPH) Runner from 2nd tags up, SAFE at 3rd, no throw by CF
|
|
Pitching: RHP David Landa
|
|
|
Batting: RHB Matt Wallace
|
0-0: Ball 1-0: Ball 2-0: Fly out, F9 (Flyball, 89S, EV 81.9 MPH)
|
|
Batting: RHB Adrian Franz
|
0-0: Ball 1-0: Called Strike 1-1: Ball 2-1: Ball 3-1: Base on Balls
|
|
Batting: RHB Sean Gilbert
|
0-0: Called Strike 0-1: Ball 1-1: Ball 2-1: Ball 3-1: Base on Balls Adrian Franz to second
|
|
Batting: RHB Tsugio Yamaguchi
|
0-0: Called Strike 0-1: Foul Ball, location: 2F 0-2: Foul Ball, location: 2F 0-2: Ball 1-2: Strikes out swinging
|
| Bottom of the 5th over - 0 runs, 0 hits, 0 errors, 3 left on base; Colorado 0 - Kelowna 13 |
| TOP OF THE 6TH |
|
Colorado Avalanche batting - Pitching for Kelowna Heat : RHP Sergio Silva
|
|
Batting: RHB Eric Delgado
|
0-0: Called Strike 0-1: Called Strike 0-2: Foul Ball, location: 2F 0-2: Ball 1-2: Ball 2-2: Strikes out looking
|
|
Batting: RHB Chris Tatum
|
0-0: Foul Ball, location: 2F 0-1: Ball 1-1: Foul Ball, location: 2F 1-2: Ground out 5-3 (Groundball, 56, EV 88.8 MPH)
|
|
Batting: RHB Bryce Hickman
|
0-0: Called Strike 0-1: Ball 1-1: Ball 2-1: Foul Ball, location: 2F 2-2: Strikes out swinging
|
| Top of the 6th over - 0 runs, 0 hits, 0 errors, 0 left on base; Colorado 0 - Kelowna 13 |
| BOTTOM OF THE 6TH |
|
Kelowna Heat batting - Pitching for Colorado Avalanche : RHP David Landa
|
|
Pitching: LHP Juan Vargas
|
|
|
Batting: LHB Adrian Navarro
|
0-0: Called Strike 0-1: Ball 1-1: Swinging Strike 1-2: Foul Ball, location: 2F 1-2: Ball 2-2: Strikes out swinging
|
|
Batting: LHB Oscar Tamayo
|
0-0: Ball 1-0: Foul Ball, location: 2F 1-1: Swinging Strike 1-2: Ball 2-2: Ground out U3 (Groundball, 3S, EV 68.1 MPH)
|
|
Batting: RHB Armando Ramirez
|
0-0: Called Strike 0-1: Fly out, F9 (Flyball, 89S, EV 98.1 MPH)
|
| Bottom of the 6th over - 0 runs, 0 hits, 0 errors, 0 left on base; Colorado 0 - Kelowna 13 |
| TOP OF THE 7TH |
|
Colorado Avalanche batting - Pitching for Kelowna Heat : RHP Sergio Silva
|
|
Batting: RHB Keith Giarratano
|
0-0: Foul Ball, location: 2F 0-1: Foul Ball, location: 2F 0-2: Ball 1-2: Foul Ball, location: 2F 1-2: Strikes out swinging
|
|
Pitching: LHP Ricky Coats
|
|
|
Batting: LHB Javy Rueda
|
0-0: SINGLE (Flyball, 4D, EV 92.5 MPH)
|
|
Batting: RHB Alex Valadez
|
0-0: Ball 1-0: Fielders Choice at 2nd, 5-4 (Groundball, 5S, EV 84.4 MPH)
|
|
Batting: RHB Luis Mendoza
|
0-0: Called Strike 0-1: Fly out, F9 (Flyball, 9, EV 86.2 MPH)
|
| Top of the 7th over - 0 runs, 1 hit, 0 errors, 1 left on base; Colorado 0 - Kelowna 13 |
| BOTTOM OF THE 7TH |
|
Kelowna Heat batting - Pitching for Colorado Avalanche : LHP Juan Vargas
|
|
Pinch Hitting: RHB Joe Nelson
|
0-0: Ball 1-0: Foul Ball, location: 2F 1-1: Called Strike 1-2: Foul Ball, location: 2F 1-2: Foul Ball, location: 2F 1-2: Foul Ball, location: 2F 1-2: Ball 2-2: Strikes out looking
|
|
Batting: LHB Dennis Jones
|
0-0: Ball 1-0: Called Strike 1-1: Swinging Strike 1-2: SINGLE (Line Drive, 7S, EV 86.2 MPH)
|
|
Batting: RHB Matt Wallace
|
0-0: Called Strike 0-1: Ball 1-1: Swinging Strike 1-2: Strikes out swinging
|
|
Batting: RHB Adrian Franz
|
0-0: Called Strike 0-1: Ball 1-1: Ball 2-1: Foul Ball, location: 2F 2-2: Ball 3-2: Ground out 6-3 (Groundball, 6S, EV 93.1 MPH)
|
| Bottom of the 7th over - 0 runs, 1 hit, 0 errors, 1 left on base; Colorado 0 - Kelowna 13 |
| TOP OF THE 8TH |
|
Colorado Avalanche batting - Pitching for Kelowna Heat : LHP Ricky Coats
|
|
Now at 1B: Joe Nelson
|
|
|
Batting: RHB Mike Chiquete
|
0-0: Ball 1-0: Ball 2-0: Foul Ball, location: 2F 2-1: Foul Ball, location: 2F 2-2: Foul Ball, location: 2F 2-2: Strikes out swinging
|
|
Batting: RHB Jack Stadner
|
0-0: Foul Ball, location: 2F 0-1: Foul Ball, location: 2F 0-2: Ball 1-2: Foul Ball, location: 2F 1-2: Strikes out swinging
|
|
Batting: RHB Eric Delgado
|
0-0: Ball 1-0: Ball 2-0: Foul Ball, location: 2F 2-1: Swinging Strike 2-2: Strikes out swinging
|
| Top of the 8th over - 0 runs, 0 hits, 0 errors, 0 left on base; Colorado 0 - Kelowna 13 |
| BOTTOM OF THE 8TH |
|
Kelowna Heat batting - Pitching for Colorado Avalanche : LHP Juan Vargas
|
|
Batting: RHB Sean Gilbert
|
0-0: Ball 1-0: Swinging Strike 1-1: Fly out, F9 (Flyball, 9D, EV 94.4 MPH)
|
|
Batting: RHB Tsugio Yamaguchi
|
0-0: Fly out, F9 (Line Drive, 9S, EV 91.9 MPH)
|
|
Batting: LHB Adrian Navarro
|
0-0: Foul Ball, location: 2F 0-1: Ball 1-1: Ball 2-1: Ball 3-1: Base on Balls
|
|
Batting: LHB Oscar Tamayo
|
0-0: Ball 1-0: Foul Ball, location: 2F 1-1: Swinging Strike 1-2: Strikes out swinging
|
| Bottom of the 8th over - 0 runs, 0 hits, 0 errors, 1 left on base; Colorado 0 - Kelowna 13 |
| TOP OF THE 9TH |
|
Colorado Avalanche batting - Pitching for Kelowna Heat : LHP Ricky Coats
|
|
Batting: RHB Chris Tatum
|
0-0: Ball 1-0: Ball 2-0: Foul Ball, location: 2F 2-1: Fly out, F8 (Flyball, 8LD, EV 96.2 MPH)
|
|
Batting: RHB Bryce Hickman
|
0-0: Ball 1-0: Swinging Strike 1-1: Fly out, F6 (Line Drive, 6, EV 66.2 MPH)
|
|
Batting: RHB Keith Giarratano
|
0-0: Ball 1-0: Called Strike 1-1: Ball 2-1: Foul Ball, location: 2F 2-2: Strikes out looking
|
| Top of the 9th over - 0 runs, 0 hits, 0 errors, 0 left on base; Colorado 0 - Kelowna 13 |
|